 Dungeon Crawl Stone Soup version 0.28.0-47-ge53b351184 (webtiles) character file.

Game seed: 1123799107136454868

3152 Peloso the Carver (level 9, -1/78 HPs)
             Began as a Minotaur Fighter on Apr 29, 2022.
             Slain by a two-headed ogre
             ... wielding a +0 giant spiked club
              (28 damage)
             ... on level 7 of the Dungeon.
             The game lasted 00:12:07 (8436 turns).

Peloso the Carver (Minotaur Fighter)                Turns: 8436, Time: 00:12:07

Health: -1/78      AC: 17    Str: 24    XL:     9   Next: 62%
Magic:  8/8        EV:  5    Int:  5    God:
Gold:   406        SH: 15    Dex: 11    Spells: 8/8 levels left

rFire   . . .      SeeInvis .   a - +0 long sword
rCold   . . .      Faith    .   e - +0 tower shield
rNeg    . . .      Spirit   .   s - +0 plate armour
rPois   .          Reflect  .   (helmet restricted)
rElec   .          Harm     .   k - +2 cloak
rCorr   +          Rampage  .   (no gloves)
Will    .....                   (no boots)
Stlth   ..........              (no amulet)
HPRegen 0.23/turn               o - ring of resist corrosion
MPRegen 0.11/turn               (no ring)

@: no status effects
A: horns 2, retaliatory headbutt
a: no special abilities


You were on level 7 of the Dungeon.
You visited 1 branch of the dungeon, and saw 7 of its levels.

You collected 406 gold pieces.

Inventory:

Hand Weapons
 a - a +0 long sword (weapon)
 b - the +4 spear "Yzogg" {pain, Will+ Str-2 Dex+10}
   (You found it on level 2 of the Dungeon)

   In the hands of one skilled in necromantic magic, it inflicts extra damage on
   living creatures.
   Str:       It affects your strength (-2).
   Dex:       It affects your dexterity (+10).
   Will:      It increases your willpower.
Armour
 c - a +0 buckler
 e - a +0 tower shield (worn)
 k - a +2 cloak (worn)
 m - a +0 scale mail
 s - a +0 plate armour (worn)
Jewellery
 h - a ring of magical power
 o - a ring of resist corrosion (left hand)
 y - a ring of fire
Wands
 x - a wand of acid (5)
 A - a wand of flame (26)
Scrolls
 f - a scroll of vulnerability {unknown}
 g - 2 scrolls of immolation {unknown}
 i - 2 scrolls of teleportation {unknown}
 n - a scroll of silence {unknown}
 p - 2 scrolls of amnesia {unknown}
 r - 3 scrolls of blinking {unknown}
 v - 2 scrolls of enchant armour {unknown}
Potions
 d - 2 potions of might
 j - 2 potions of flight
 l - a potion of berserk rage
 q - a potion of magic
 t - 2 potions of ambrosia
 u - 4 potions of heal wounds
 z - a potion of lignification {unknown}


   Skills:
 + Level 6.5 Fighting
 + Level 9.8 Long Blades
 + Level 8.2 Armour
 + Level 3.5 Dodging
 + Level 1.6 Stealth
 + Level 8.8 Shields


You had 8 spell levels left.
You didn't know any spells.
Your spell library contained the following spells:

 Spells                   Type           Power      Damage    Failure   Level
 Blink                    Tloc           0%         N/A       100%        2
 Lesser Beckoning         Tloc           0%         N/A       100%        3
 Manifold Assault         Tloc           0%         N/A       100%        5


Dungeon Overview and Level Annotations

Branches:
Dungeon (7/15)             Temple (0/1) D:6

Altars:
Makhleb
Zin

Shops:
D:5 [   D:6 **


Innate Abilities, Weirdness & Mutations

You have a pair of horns on your head.
You reflexively headbutt those who attack you in melee.


Message History

You open the door.
A two-headed ogre comes into view.
It is wielding two +0 giant spiked clubs.
The two-headed ogre shouts in stereo!
Found a ring mail and 15 arrows.
You slash the two-headed ogre!
The two-headed ogre is lightly wounded.
The two-headed ogre hits you with a +0 giant spiked club! x2
You slash the two-headed ogre!
You headbutt the two-headed ogre, but do no damage.
The two-headed ogre is heavily wounded.
The two-headed ogre hits you with a +0 giant spiked club!!
You block the two-headed ogre's attack.
You hit the two-headed ogre.
The two-headed ogre is heavily wounded.
You block the two-headed ogre's attack.
The two-headed ogre hits you with a +0 giant spiked club!
* * * LOW HITPOINT WARNING * * *
You hit the two-headed ogre but do no damage.
The two-headed ogre is heavily wounded.
You block the two-headed ogre's attack. The two-headed ogre barely misses you.
You feel much better.
You hit the two-headed ogre but do no damage.
You headbutt the two-headed ogre, but do no damage.
The two-headed ogre is heavily wounded.
You block the two-headed ogre's attack.
The two-headed ogre hits you with a +0 giant spiked club!
You hit the two-headed ogre.
The two-headed ogre is heavily wounded.
You block the two-headed ogre's attack.
The two-headed ogre hits you but does no damage.
You barely miss the two-headed ogre. You headbutt the two-headed ogre.
The two-headed ogre is severely wounded.
You block the two-headed ogre's attack. x2
You slash the two-headed ogre!
The two-headed ogre is almost dead.
You block the two-headed ogre's attack. The two-headed ogre closely misses you.
You hit the two-headed ogre.
The two-headed ogre is almost dead.
The two-headed ogre hits you with a +0 giant spiked club!!
You die...

...## ##+## ...#
#.... #..# ##..(. #
#..# ##....
##.#..##### #...[
##..#....... ...
#...'.###### ..
#####O####....#.# #
#.# ##!#..@..#....
#.# # ##.#
##.†#.....#... #.# #
#..###...'.....'...#
#.# #
#..##...[#.....#..##
#.######
#..#.....#.....#
###.#.......
#..#....####'###
##..#..###.#
#..'...## ....
#...'.## #..
#..#..##
...###....#.# ##..
#..#.###.
..###.....#.###..#


You could see a two-headed ogre.

Vanquished Creatures
  Prince Ribbit (D:5)
  Grinder (D:4)
  Sigmund (D:3)
  A steam dragon (D:7)
  2 water moccasins (D:5)
  2 black bears
  An orc warrior (D:7)
  2 ice beasts (D:6)
  A necrophage (D:6)
  6 ogres
  2 centaurs
  A phantom (D:7)
  2 scorpions
  A water moccasin zombie (D:6)
  5 killer bees (D:7)
  4 hounds
  2 jellies
  An orc priest (D:4)
  Crazy Yiuf (D:4)
  Terence (D:2)
  3 iguanas
  3 orc wizards
  2 hound skeletons
  Robin (D:2)
  5 adders
  2 howler monkey skeletons
  A shadow imp (D:7)
  An adder skeleton (D:4)
  4 dart slugs
  24 orcs
  9 ball pythons
  3 endoplasms
  6 giant cockroaches
  9 hobgoblins
  2 quokkas
  8 bats
  3 frilled lizards
  11 goblins
  3 kobolds
  4 rats
142 creatures vanquished.

Notes
Turn   | Place    | Note
-------+----------+-------------------------------------------
     0 | D:1      | Peloso the Minotaur Fighter began the quest for the Orb.
     0 | D:1      | Reached XP level 1. HP: 19/19 MP: 0/0
   259 | D:1      | Found a faded altar of an unknown god.
   260 | D:1      | Noticed a shining eye
   265 | D:1      | Noticed a floating eye
   269 | D:1      | Noticed a great orb of eyes
   273 | D:1      | Noticed an eye of devastation
   857 | D:1      | Reached XP level 2. HP: 27/27 MP: 1/1
  1288 | D:2      | Noticed Robin
  1298 | D:2      | Reached XP level 3. HP: 33/33 MP: 2/2
  1298 | D:2      | Killed Robin
  1299 | D:2      | Reached skill level 3 in Long Blades
  1455 | D:2      | Identified the +4 spear "Yzogg" {pain, Will+ Str-2 Dex+10}
  1860 | D:2      | Noticed Terence
  1867 | D:2      | Killed Terence
  1868 | D:2      | Reached XP level 4. HP: 37/40 MP: 3/3
  1954 | D:3      | Found a burning altar of Makhleb.
  2086 | D:3      | Noticed an ogre
  2096 | D:3      | Killed an ogre
  2097 | D:3      | Reached skill level 4 in Long Blades
  2097 | D:3      | Reached XP level 5. HP: 18/46 MP: 4/4
  2404 | D:3      | Noticed Sigmund
  2413 | D:3      | Killed Sigmund
  2414 | D:3      | Reached skill level 5 in Long Blades
  2414 | D:3      | Reached skill level 1 in Dodging
  2414 | D:3      | Reached skill level 5 in Shields
  2414 | D:3      | Reached XP level 6. HP: 36/53 MP: 5/5
  2976 | D:3      | Found a glowing silver altar of Zin.
  3582 | D:4      | Noticed Grinder
  3592 | D:4      | Killed Grinder
  3593 | D:4      | Reached skill level 6 in Long Blades
  3593 | D:4      | Reached skill level 5 in Armour
  3593 | D:4      | Reached XP level 7. HP: 42/60 MP: 6/6
  3899 | D:4      | Found a runed translucent door.
  3900 | D:4      | Noticed Crazy Yiuf
  3961 | D:4      | Killed Crazy Yiuf
  4250 | D:5      | Entered Level 5 of the Dungeon
  4279 | D:5      | Reached skill level 5 in Fighting
  4455 | D:5      | Noticed Prince Ribbit
  4472 | D:5      | Killed Prince Ribbit
  4473 | D:5      | Reached skill level 1 in Stealth
  4502 | D:5      | Reached skill level 7 in Long Blades
  4575 | D:5      | Found Oleom's Armour Boutique.
  4854 | D:5      | Reached XP level 8. HP: 68/68 MP: 7/7
  5316 | D:6      | Found Opnautasec's General Store.
  5540 | D:6      | Found Esoeg's Serpentskin Sales.
  5576 | D:6      | Found a staircase to the Ecumenical Temple.
  5599 | D:5      | Reached skill level 8 in Long Blades
  6598 | D:6      | Reached XP level 9. HP: 73/75 MP: 8/8
  7464 | D:7      | Reached skill level 9 in Long Blades
  7911 | D:7      | HP: 3/78 [poisoned by a killer bee]
  7912 | D:7      | HP: 1/78 [poisoned by a killer bee]
  8425 | D:7      | Noticed a two-headed ogre
  8436 | D:7      | Slain by a two-headed ogre

Illustrated notes

Levels and vault maps discovered:
D:1:      dpeg_arrival_pond, layout_basic,
          hellmonk_ecumenical_altar_watching_god
D:2:      layout_basic, uniq_robin, uniq_terence
D:3:      layout_loops_corners, lemuel_doored_altar,
          nicolae_overflow_hidden_temple, uniq_sigmund
D:4:      layout_loops_ring, uniq_crazy_yiuf_cottage, uniq_grinder
D:5:      layout_loops_ring, serial_shops, kennysheep_mini_moat,
          serial_park_tiny_1, uniq_prince_ribbit1
D:6:      layout_layer_cave, minmay_temple_entry_grid, serial_shops,
          nicolae_stop_n_shop_2, guppyfry_shop_venom
D:7:      layout_rooms, minmay_quadrilaterals

Skill      XL: |  1  2  3  4  5  6  7  8  9 |
---------------+----------------------------+-----
Armour         | 4 5 7 8 |  8.2
Fighting       | 4 5 6 |  6.5
Shields        | 4 5 6 7 8 |  8.8
Long Blades    | 3 4 5 6 7 8 9 |  9.8
Dodging        | 1 3 |  3.5
Stealth        | 1 |  1.6

Action                   |  1- 3 |  4- 6 |  7- 9 || total
-------------------------+-------+-------+-------++-------
Melee: Long sword        |    92 |    97 |   284 ||   473
       Headbutt          |     8 |    17 |    52 ||    77
  Use: Potion            |       |       |     4 ||     4
       Scroll            |       |       |     6 ||     6
 Stab: Invisible         |       |       |     3 ||     3
Armor: Scale mail        |    57 |    31 |   129 ||   217
       Plate armour      |       |       |    19 ||    19
Dodge: Dodged            |    15 |    24 |    75 ||   114
Block: Tower shield      |    68 |    53 |   246 ||   367
